[Event "Titled Tuesday Blitz February 07 Early 2023"]
[White "Pinheiro, Iung Alicio de O."]
[Black "Degenbaev, Aziz"]
[WhiteFideId "2104350"]
[BlackFideId "13802640"]
[WhiteElo "2306"]
[BlackElo "2203"]
[Result "1-0"]
[Round "05"]
[TimeControl "180+2"]
[Date "2023.02.07"]
[WhiteClock "0:00:09"]
[BlackClock "0:00:06"]

1. e4 c5 2. Nf3 d6 3. Nc3 Nc6 4. d4 cxd4 5. Nxd4 Nf6 6. Bg5 Bd7 7. Bxf6 gxf6 8. Nf5 Rc8 9. Bb5 Qa5 10. O-O h5 11. Re1 h4 12. h3 Qb4 13. a4 a6 14. Nd5 Qc5 15. b4 Qa7 16. c4 Ne5 17. Bxd7+ Nxd7 18. Nde3 Qb6 19. Rb1 e6 20. Nd5 exd5 21. exd5+ Kd8 22. c5 dxc5 23. bxc5 Qxc5 24. Rxb7 Rg8 25. Qe2 Ne5 26. Ne3 Bd6 27. Qh5 Qc3 28. Rd1 Qa3 29. Kh1 Rc1 30. Qh7 Rxd1+ 31. Nxd1 Re8 32. Qc2 Qxa4 33. Qxa4 1-0


[Site "https://www.chess.com"]

[Event "Titled Tuesday Blitz February 07 Early 2023"]
[White "Valle Maytin, Luis Enrique"]
[Black "Kvaloy, Aksel Bu"]
[WhiteFideId "3503666"]
[BlackFideId "1528815"]
[WhiteElo "2241"]
[BlackElo "2321"]
[Result "0-1"]
[Round "05"]
[TimeControl "180+2"]
[Date "2023.02.07"]
[WhiteClock "0:00:12"]
[BlackClock "0:00:34"]

1. e4 e5 2. Nf3 Nf6 3. Nxe5 Nc6 4. Nxc6 dxc6 5. Nc3 Bc5 6. Be2 h5 7. d3 Be6 8. O-O Ng4 9. Bf4 g5 10. Bd2 Qd6 11. Bxg4 hxg4 12. g3 O-O-O 13. Bxg5 Rdg8 14. Bf4 Qd8 15. h4 Rxh4 16. Kg2 Rgh8 17. gxh4 Qxh4 18. Rh1 Qxf2# 0-1


[Site "https://www.chess.com"]

[Event "Titled Tuesday Blitz February 07 Early 2023"]
[White "Song, Julien"]
[Black "Wahedi, Ahmad Siar"]
[WhiteFideId "659487"]
[BlackFideId "4651260"]
[WhiteElo "2350"]
[BlackElo "2274"]
[Result "1/2-1/2"]
[Round "05"]
[TimeControl "180+2"]
[Date "2023.02.07"]
[WhiteClock "0:00:33"]
[BlackClock "0:00:46"]

1. d4 d5 2. c4 c6 3. Nf3 Nf6 4. Nc3 e6 5. g3 Be7 6. Bg2 O-O 7. O-O b6 8. Nd2 Bb7 9. e4 Nbd7 10. e5 Ne8 11. cxd5 cxd5 12. Re1 Rc8 13. Nf1 a6 14. h4 b5 15. Nh2 Qb6 16. h5 f5 17. exf6 Ndxf6 18. h6 g6 19. Nf3 Ne4 20. Nxe4 dxe4 21. Ng5 Rd8 22. Nxe4 Rxd4 23. Be3 Rxd1 24. Bxb6 Rxa1 25. Rxa1 Bd5 26. Nc3 Bxg2 27. Kxg2 Nf6 28. Re1 Kf7 29. Bd4 Rd8 30. Be3 Rd3 31. Kf3 Bb4 32. Rd1 Rxd1 33. Nxd1 e5 34. Nc3 Ke6 35. Ne4 Nxe4 36. Kxe4 Bf8 37. Bg5 Bd6 38. b3 Bc5 39. f3 Bd6 40. a4 Bc5 41. Bd2 Bf8 42. g4 Bd6 43. Bc3 Bc7 44. Bb4 Bb8 45. Bf8 Bc7 46. axb5 axb5 47. Bc5 Bb8 48. Bb4 Bc7 49. Bc5 Bd8 50. Bf8 Bg5 51. Bg7 Bf4 52. Bf8 Kf7 53. Bg7 Ke6 54. Bf8 Bg3 55. Bg7 Bh2 56. Bf8 Bf4 57. Bg7 Bc1 58. Bf8 Bf4 59. Bg7 Bg3 60. Bf8 Bf4 1/2-1/2


[Site "https://www.chess.com"]

[Event "Titled Tuesday Blitz February 07 Early 2023"]
[White "Turzo, Attila"]
[Black "Kodinets, Konstantin L."]
[WhiteFideId "704954"]
[BlackFideId "4122011"]
[WhiteElo "2279"]
[BlackElo "2409"]
[Result "1-0"]
[Round "05"]
[TimeControl "180+2"]
[Date "2023.02.07"]
[WhiteClock "0:01:21"]
[BlackClock "0:00:12"]

1. d4 d6 2. e4 Nf6 3. Nc3 e5 4. Nf3 exd4 5. Nxd4 Be7 6. Bf4 O-O 7. Qd2 Nc6 8. O-O-O Nxd4 9. Qxd4 a6 10. Kb1 Be6 11. f3 Nd7 12. g4 b5 13. h4 Bf6 14. Qd2 b4 15. Nd5 Bxd5 16. exd5 Nb6 17. g5 Be5 18. Bxe5 dxe5 19. Qxb4 a5 20. Qe4 Qd6 21. Bd3 g6 22. h5 Nd7 23. Qh4 Rfe8 24. hxg6 Nf8 25. gxf7+ 1-0


[Site "https://www.chess.com"]

[Event "Titled Tuesday Blitz February 07 Early 2023"]
[White "Djokovic, Nebojsa"]
[Black "Balabayeva, Xeniya"]
[WhiteFideId "938300"]
[BlackFideId "13719688"]
[WhiteElo "2119"]
[BlackElo "2191"]
[Result "1/2-1/2"]
[Round "05"]
[TimeControl "180+2"]
[Date "2023.02.07"]
[WhiteClock "0:00:10"]
[BlackClock "0:00:04"]

1. e4 c5 2. Nf3 e6 3. d4 cxd4 4. Nxd4 Nf6 5. Nc3 Nc6 6. Ndb5 Bc5 7. Nd6+ Ke7 8. Bf4 e5 9. Nf5+ Kf8 10. Bg5 d6 11. Ne3 Be6 12. Be2 h6 13. Bxf6 Qxf6 14. O-O g6 15. Ned5 Qd8 16. Kh1 Kg7 17. f4 exf4 18. Rxf4 Rf8 19. Qf1 Bd4 20. Rd1 Be5 21. Rf2 Qh4 22. Nf4 Rad8 23. g3 Qg5 24. Bc4 Bg4 25. Re1 h5 26. h4 Qe7 27. Ncd5 Qd7 28. c3 Rde8 29. Ne3 Bxf4 30. Rxf4 Ne5 31. Bd5 Bh3 32. Qe2 f6 33. Kh2 Bg4 34. Qf1 g5 35. Nf5+ Bxf5 36. Rxf5 Ng4+ 37. Kh1 Re5 38. hxg5 Rxf5 39. Qxf5 Qxf5 40. exf5 fxg5 41. Re7+ Kf6 42. Rxb7 Kxf5 43. Rxa7 Ke5 44. Ra5 Rf1+ 45. Kg2 Ne3+ 46. Kh2 Rf2+ 47. Kg1 Rf1+ 48. Kh2 Rf2+ 49. Kg1 Rf1+ 50. Kh2 1/2-1/2


[Site "https://www.chess.com"]

[Event "Titled Tuesday Blitz February 07 Early 2023"]
[White "Ilinca Ilinca, Felix Antonio"]
[Black "Yaran, Siar"]
[WhiteFideId "54764998"]
[BlackFideId "6323006"]
[WhiteElo "2266"]
[BlackElo "2288"]
[Result "0-1"]
[Round "05"]
[TimeControl "180+2"]
[Date "2023.02.07"]
[WhiteClock "0:00:42"]
[BlackClock "0:01:34"]

1. e4 e5 2. Nf3 Nc6 3. Bc4 Bc5 4. c3 Nf6 5. d3 a6 6. O-O Ba7 7. h3 d6 8. Nbd2 h6 9. Re1 g5 10. Nh2 g4 11. Nxg4 Nxg4 12. hxg4 Rg8 13. Qb3 Qh4 14. Bxf7+ Ke7 15. d4 Rxg4 16. Re3 exd4 17. Nf3 Qh3 18. Ne1 dxe3 0-1


[Site "https://www.chess.com"]

[Event "Titled Tuesday Blitz February 07 Early 2023"]
[White "Forgacs, Attila Jr."]
[Black "Karas, Marek"]
[WhiteFideId "773654"]
[BlackFideId "14928558"]
[WhiteElo "2264"]
[BlackElo "2227"]
[Result "0-1"]
[Round "05"]
[TimeControl "180+2"]
[Date "2023.02.07"]
[WhiteClock "0:00:03"]
[BlackClock "0:00:08"]

1. e4 e6 2. d4 d5 3. Nc3 Nf6 4. e5 Nfd7 5. f4 c5 6. Nf3 Nc6 7. Be3 Be7 8. Qd2 O-O 9. h4 a6 10. h5 b5 11. dxc5 Nxc5 12. O-O-O b4 13. Ne2 Ne4 14. Qe1 a5 15. Ned4 Nxd4 16. Nxd4 Bd7 17. g4 a4 18. Bd3 Qc7 19. Bxe4 dxe4 20. Kb1 Rfc8 21. Rh2 b3 22. cxb3 axb3 23. Nxb3 Bc6 24. Rc2 Qb7 25. Rdc1 Qa6 26. a3 Bxa3 27. Rxc6 Rxc6 28. Rxc6 Qd3+ 29. Rc2 Qxb3 30. Qc3 Qb7 31. Qc6 Qb8 32. Qc7 Qb3 33. Qc8+ Rxc8 34. Rxc8+ Bf8 35. Bc5 Qd1+ 36. Ka2 Qa4+ 37. Kb1 h6 38. Rxf8+ Kh7 39. b4 Qd1+ 40. Kb2 Qd2+ 41. Kb3 Qd3+ 42. Ka4 e3 0-1


[Site "https://www.chess.com"]

[Event "Titled Tuesday Blitz February 07 Early 2023"]
[White "Mohamed Anees M"]
[Black "Avalos Parra, Joao"]
[WhiteFideId "35065815"]
[BlackFideId "3402541"]
[WhiteElo "2315"]
[BlackElo "2185"]
[Result "1-0"]
[Round "05"]
[TimeControl "180+2"]
[Date "2023.02.07"]
[WhiteClock "0:01:41"]
[BlackClock "0:01:34"]

1. Nf3 Nf6 2. b3 d5 3. Bb2 e6 4. g3 Be7 5. Bg2 O-O 6. c3 b5 7. O-O Bb7 8. d3 Nbd7 9. Nbd2 c5 10. c4 bxc4 11. bxc4 Rb8 12. cxd5 exd5 13. Qc2 Bc6 14. Ne5 Nxe5 15. Bxe5 Rb7 16. Rab1 Bd6 17. Bxd6 Qxd6 18. Rfc1 Nd7 19. Nb3 Ba4 20. Qc3 Bxb3 21. Rxb3 Rfb8 22. Rxb7 Rxb7 23. Qa5 Rc7 24. Bxd5 h5 25. h4 Nf6 26. Bf3 Nd7 27. Bxh5 Ne5 28. d4 Nd7 29. dxc5 Rxc5 30. Qd8+ Kh7 31. Rxc5 1-0


[Site "https://www.chess.com"]

[Event "Titled Tuesday Blitz February 07 Early 2023"]
[White "Dudzinski, Pawel"]
[Black "Lymar, Vladislav"]
[WhiteFideId "1117890"]
[BlackFideId "14162180"]
[WhiteElo "2186"]
[BlackElo "2119"]
[Result "0-1"]
[Round "05"]
[TimeControl "180+2"]
[Date "2023.02.07"]
[WhiteClock "0:00:19"]
[BlackClock "0:01:16"]

1. e4 c5 2. c4 Nc6 3. Nc3 e5 4. g3 d6 5. Bg2 Nf6 6. Nge2 Be7 7. Rb1 O-O 8. a3 Nd4 9. O-O a6 10. b4 b5 11. cxb5 axb5 12. bxc5 dxc5 13. Nxd4 cxd4 14. Nxb5 Ba6 15. a4 Nd7 16. d3 Nc5 17. f4 exf4 18. Bxf4 Bb7 19. Bc7 Qd7 20. e5 Bxg2 21. Kxg2 Nxa4 22. Bd6 Bxd6 23. exd6 Ra5 24. Rf4 Rxb5 25. Qxa4 Rb2+ 26. Qc2 Rxc2+ 0-1


[Site "https://www.chess.com"]

[Event "Titled Tuesday Blitz February 07 Early 2023"]
[White "Janaszak, Dawid"]
[Black "Bethke, Richard"]
[WhiteFideId "1119206"]
[BlackFideId "12959243"]
[WhiteElo "2316"]
[BlackElo "2382"]
[Result "1-0"]
[Round "05"]
[TimeControl "180+2"]
[Date "2023.02.07"]
[WhiteClock "0:01:14"]
[BlackClock "0:00:53"]

1. e4 c6 2. d4 d5 3. exd5 cxd5 4. Bd3 Nc6 5. c3 Nf6 6. Bf4 Bg4 7. Qb3 Qb6 8. h3 Bh5 9. Qxb6 axb6 10. Na3 e5 11. Nb5 exf4 12. Nc7+ Kd8 13. Nxa8 Nd7 14. Bf5 Ncb8 15. a4 Bd6 16. a5 Re8+ 17. Kd2 bxa5 18. Rxa5 Nf6 19. Nf3 g6 20. Bd3 Nc6 21. Rb5 Ne4+ 22. Bxe4 dxe4 23. Ng5 e3+ 24. fxe3 fxe3+ 25. Kd3 Re7 26. g4 e2 27. Re1 Bf4 28. Rxe2 1-0


[Site "https://www.chess.com"]

[Event "Titled Tuesday Blitz February 07 Early 2023"]
[White "Lorenzo De La Riva, Lazaro"]
[Black "Cori T., Deysi"]
[WhiteFideId "2268809"]
[BlackFideId "3801934"]
[WhiteElo "2404"]
[BlackElo "2362"]
[Result "1-0"]
[Round "05"]
[TimeControl "180+2"]
[Date "2023.02.07"]
[WhiteClock "0:01:19"]
[BlackClock "0:01:55"]

1. e4 e6 2. d3 d5 3. Qe2 Ne7 4. Nf3 a5 5. g3 Nbc6 6. Bg2 e5 7. O-O d4 8. c3 Bg4 9. h3 Bxf3 10. Qxf3 Qd7 11. Na3 O-O-O 12. Rd1 h5 13. h4 f5 14. exf5 Nxf5 15. Bh3 g6 16. Nc4 Bc5 17. b4 axb4 18. cxb4 Nxb4 19. Rb1 Nc6 20. Bg2 Nd6 21. Nxd6+ Qxd6 22. Bg5 Rdf8 23. Qe2 Bb6 24. Rdc1 Kb8 25. a4 Qa3 26. Bxc6 bxc6 27. Rxc6 Rf5 28. Qe4 1-0


[Site "https://www.chess.com"]

[Event "Titled Tuesday Blitz February 07 Early 2023"]
[White "Jovic, Stanoje"]
[Black "Maksimenko, Viktor"]
[WhiteFideId "905020"]
[BlackFideId "13710478"]
[WhiteElo "2075"]
[BlackElo "2196"]
[Result "1-0"]
[Round "05"]
[TimeControl "180+2"]
[Date "2023.02.07"]
[WhiteClock "0:00:34"]
[BlackClock "0:00:53"]

1. c4 e5 2. g3 g6 3. d4 Nc6 4. d5 Nce7 5. h4 h5 6. Nc3 d6 7. Bg5 Bh6 8. e4 f6 9. Bd2 f5 10. Bg5 c5 11. dxc6 bxc6 12. c5 d5 13. exd5 cxd5 14. Bb5+ Kf8 15. Nf3 Bg7 16. Qe2 d4 17. Nxe5 dxc3 18. Nxg6+ Kf7 19. Nxh8+ Bxh8 20. Qxh5+ Kg7 21. Bc4 Qf8 22. O-O-O cxb2+ 23. Kb1 Nf6 24. Bh6+ Kh7 25. Bxf8+ Nxh5 26. Bxe7 Bb7 27. Bd5 Bxd5 28. Rxd5 Kg6 29. g4 fxg4 30. Rg1 Ng7 31. Rxg4+ Kf7 32. Rd7 Nf5 33. Bd6+ Ke6 34. Rb7 Kd5 35. Rg5 Ke4 36. f3+ Kd3 37. Rxf5 Re8 38. Re7 Rg8 39. Rg5 1-0


[Site "https://www.chess.com"]

[Event "Titled Tuesday Blitz February 07 Early 2023"]
[White "Foerster-Yialamas, Lucas"]
[Black "Ambartsumova, Karina"]
[WhiteFideId "30901774"]
[BlackFideId "4166299"]
[WhiteElo "2151"]
[BlackElo "2393"]
[Result "0-1"]
[Round "05"]
[TimeControl "180+2"]
[Date "2023.02.07"]
[WhiteClock "0:00:01"]
[BlackClock "0:00:07"]

1. Nf3 Nf6 2. b3 g6 3. Bb2 Bg7 4. g4 d5 5. g5 Nh5 6. Qc1 c5 7. e3 Nc6 8. Bb5 Qd6 9. Bxg7 Nxg7 10. Qb2 O-O 11. Bxc6 Qxc6 12. Ne5 Qd6 13. d4 cxd4 14. Qxd4 Ne6 15. Qb2 Nxg5 16. Nd2 Qf6 17. f4 Nh3 18. Ndf3 Bf5 19. O-O-O Nf2 20. Qd4 Nxh1 21. Rxh1 Rac8 22. c3 Be4 23. Rf1 Rc7 24. Nd2 Rfc8 25. Nxe4 dxe4 26. c4 b5 27. Kb2 bxc4 28. Nxc4 Qxd4+ 29. exd4 Rd7 30. Kc3 Rd5 31. Re1 Rh5 32. Rxe4 Rxh2 33. Rxe7 Rxa2 34. d5 h5 35. d6 Rd8 36. Kd4 h4 37. Re3 Kg7 38. Rh3 Rh8 39. Kc5 Kf6 40. Kc6 Kf5 41. d7 Kg4 42. Rh1 Kg3 43. Re1 Rd8 44. Kc7 Rxd7+ 45. Kxd7 h3 46. Ne5 h2 47. Nxf7 Rd2+ 48. Ke6 Re2+ 49. Rxe2 h1=Q 50. Ne5 Qh3+ 51. Kd5 Qf5 52. Re3+ Kf2 53. Rf3+ Ke2 54. Rd3 Qxf4 55. Rd4 Qf5 56. Re4+ Kd2 57. Rd4+ Kc2 58. b4 g5 59. b5 Kc3 60. Rc4+ Kb3 61. Rd4 Qf1 62. Rg4 Qxb5+ 63. Ke4 Qe2+ 64. Kf5 a5 65. Kxg5 a4 66. Kf5 a3 67. Re4 Qxe4+ 68. Kxe4 a2 69. Nc6 a1=Q 70. Nd4+ Kc4 71. Nf3 Qb1+ 72. Kf4 Qh7 73. Ne5+ Kd5 74. Nf3 Qf7+ 75. Ke3 Qe6+ 76. Kf4 Qf7+ 77. Ke3 Qf8 78. Nd2 Ke5 79. Nf3+ Kf5 80. Nd4+ Kg4 81. Kd3 Qd8 82. Kc4 Kg3 83. Nf5+ Kf4 84. Nd4 Ke4 85. Nb5 Qc8+ 86. Kb4 Kd5 87. Nc3+ Kd4 88. Nb5+ Kd3 89. Ka5 Qb8 90. Kb4 Qb7 91. Kc5 Qc8+ 92. Kd5 Qc4+ 93. Kd6 Qxb5 0-1


[Site "https://www.chess.com"]

[Event "Titled Tuesday Blitz February 07 Early 2023"]
[White "Lucassen, Mickey"]
[Black "Poliakova, Varvara"]
[WhiteFideId "12919110"]
[BlackFideId "13518313"]
[WhiteElo "2023"]
[BlackElo "2010"]
[Result "0-1"]
[Round "05"]
[TimeControl "180+2"]
[Date "2023.02.07"]
[WhiteClock "0:00:27"]
[BlackClock "0:02:07"]

1. d4 f5 2. g3 Nf6 3. Bg2 d6 4. Nf3 g6 5. O-O Bg7 6. c4 O-O 7. Nc3 Nc6 8. d5 Ne5 9. Nd2 e6 10. dxe6 c6 11. f4 Neg4 12. Nf3 Bxe6 13. Qd3 Qb6+ 14. e3 Ne4 15. h3 Ngf6 16. Nd4 Bf7 17. Kh2 Rae8 18. Rb1 Nxc3 19. bxc3 Qa6 20. Rf2 Bxc4 21. Qc2 Bd3 22. Qb2 Bxb1 23. Qxb1 Ne4 24. Bxe4 Rxe4 25. Rb2 b5 26. Qd3 Rfe8 27. Bd2 Qb7 28. Nf3 c5 29. Qxd6 R4e6 30. Qxc5 Qxf3 0-1


[Site "https://www.chess.com"]

[Event "Titled Tuesday Blitz February 07 Early 2023"]
[White "Kopczynski, Michal"]
[Black "Babikov, Ivan"]
[WhiteFideId "1124200"]
[BlackFideId "4161106"]
[WhiteElo "2225"]
[BlackElo "2239"]
[Result "0-1"]
[Round "05"]
[TimeControl "180+2"]
[Date "2023.02.07"]
[WhiteClock "0:00:10"]
[BlackClock "0:00:12"]

1. e4 c6 2. d4 d5 3. Nc3 dxe4 4. Nxe4 Bf5 5. Ng3 Bg6 6. h4 h6 7. Nh3 Nd7 8. Nf4 Bh7 9. Bd3 Bxd3 10. Qxd3 Ngf6 11. Bd2 e6 12. O-O-O Bd6 13. Rhe1 O-O 14. Nfh5 Nxh5 15. Nxh5 Qxh4 16. Rh1 Qe7 17. Nxg7 Kxg7 18. Bxh6+ Kg8 19. Qh3 Qf6 20. Rd3 Rfd8 21. Bd2 Nf8 22. Rf3 Qg7 23. Bh6 Qxd4 24. Bg5 Be5 25. c3 Qd5 26. Bxd8 Rxd8 27. Kb1 Qe4+ 28. Ka1 Qe2 29. a3 Rd1+ 30. Rxd1 Qxd1+ 31. Ka2 Qd5+ 32. Kb1 Ng6 33. Qg4 Qd1+ 34. Ka2 Qd2 35. Qe4 Qd5+ 36. Qxd5 cxd5 37. Kb3 Nf4 38. g3 Ng6 39. c4 Ne7 40. c5 Nc6 41. Re3 Bd4 42. Re2 Bxc5 43. Ka2 Nd4 44. Rd2 Nc6 45. b4 Bb6 46. Kb3 Kg7 47. a4 Ne5 48. a5 Nc4 49. axb6 Nxd2+ 50. Kc2 Nc4 51. bxa7 Nb6 52. Kd3 Kf6 53. Kd4 Na8 54. Kc5 Ke5 55. f4+ Ke4 56. Kd6 d4 57. Kd7 d3 58. Kc8 d2 59. Kxb7 d1=Q 60. Kxa8 Qa4 0-1


[Site "https://www.chess.com"]

[Event "Titled Tuesday Blitz February 07 Early 2023"]
[White "Rosenberg, Evan S"]
[Black "Ordekalog"]
[WhiteFideId "2019299"]
[WhiteElo "1956"]
[BlackElo "2555"]
[Result "0-1"]
[Round "05"]
[TimeControl "180+2"]
[Date "2023.02.07"]
[WhiteClock "0:00:13"]
[BlackClock "0:01:00"]

1. d4 d5 2. Nf3 c5 3. dxc5 e6 4. Be3 Na6 5. c4 Nxc5 6. cxd5 exd5 7. Nc3 Nf6 8. g3 Be6 9. Bg2 Be7 10. O-O O-O 11. Rc1 Rc8 12. Nd4 a6 13. Nxe6 fxe6 14. Bh3 Qd6 15. Bf4 Qb6 16. b3 Nfe4 17. Nxe4 Nxe4 18. Rxc8 Rxc8 19. Be3 Qd6 20. Bd4 Rf8 21. f3 Ng5 22. Bg2 e5 23. Bb2 Ne6 24. f4 e4 25. Be5 Qb6+ 26. Kh1 Rd8 27. f5 Ng5 28. h4 Nf7 29. Bd4 Bc5 30. Bxc5 Qxc5 31. f6 gxf6 32. Rxf6 Rd6 33. Qf1 Rxf6 34. Qxf6 Qd6 35. Qxd6 Nxd6 36. Bh3 Kf7 37. g4 Kf6 38. e3 h6 39. Kg2 Nb5 40. Kg3 Nc3 41. Kf4 Ne2# 0-1


[Site "https://www.chess.com"]

[Event "Titled Tuesday Blitz February 07 Early 2023"]
[White "Alinasab, Mobina"]
[Black "Mogirzan, Matei-Valeriu"]
[WhiteFideId "12528897"]
[BlackFideId "1257455"]
[WhiteElo "2347"]
[BlackElo "1813"]
[Result "1-0"]
[Round "05"]
[TimeControl "180+2"]
[Date "2023.02.07"]
[WhiteClock "0:00:28"]
[BlackClock "0:00:03"]

1. e4 e5 2. Nf3 Nf6 3. Nxe5 Nc6 4. Nxc6 dxc6 5. Nc3 Bc5 6. Be2 h5 7. d3 Ng4 8. Bxg4 hxg4 9. Qe2 Qf6 10. Be3 Bb4 11. d4 c5 12. O-O-O Bxc3 13. bxc3 Bd7 14. Kb2 Qb6+ 15. Ka1 Qa5 16. Qc4 b6 17. Kb2 O-O-O 18. a3 Bb5 19. Qxf7 Qa4 20. Qb3 Qa6 21. dxc5 Bc4 22. Qb4 Rxd1 23. Rxd1 Rxh2 24. c6 Rh8 25. Bf4 b5 26. Rd7 Qxc6 27. Rxc7+ Qxc7 28. Bxc7 Kxc7 29. Qe7+ Kb6 30. Qxg7 Rg8 31. Qf6+ Kb7 32. e5 g3 33. fxg3 Rxg3 34. e6 Rxg2 35. Qf3+ 1-0


[Site "https://www.chess.com"]

[Event "Titled Tuesday Blitz February 07 Early 2023"]
[White "Fernandez Garcia, Gumersindo"]
[Black "Tarlabasi, Emirhan"]
[WhiteFideId "24516740"]
[BlackFideId "6350275"]
[WhiteElo "2160"]
[BlackElo "2300"]
[Result "1-0"]
[Round "05"]
[TimeControl "180+2"]
[Date "2023.02.07"]
[WhiteClock "0:00:16"]
[BlackClock "0:00:02"]

1. d4 e6 2. e4 d5 3. Bd3 Nf6 4. e5 Nfd7 5. c3 c5 6. Ne2 Nc6 7. Nd2 Be7 8. Nf3 g5 9. Be3 g4 10. Nd2 h5 11. h3 Ndxe5 12. dxe5 Nxe5 13. Bb5+ Bd7 14. Bxd7+ Qxd7 15. Nb3 c4 16. Nbc1 O-O-O 17. Bd4 f6 18. Bxe5 fxe5 19. hxg4 hxg4 20. Rxh8 Rxh8 21. Ng3 Rh4 22. Nce2 Bg5 23. Qc2 Rh6 24. Rd1 Qg7 25. Qa4 b6 26. b3 cxb3 27. axb3 Bd8 28. c4 d4 29. Qc6+ Bc7 30. Ra1 Kb8 31. Qa4 Bd6 32. b4 d3 33. c5 e4 34. cxd6 dxe2 35. d7 Qc3+ 36. Kxe2 Qd3+ 37. Ke1 e3 38. Qxa7# 1-0


[Site "https://www.chess.com"]

[Event "Titled Tuesday Blitz February 07 Early 2023"]
[White "Skurikhin, Dmitrij"]
[Black "Perez Gormaz, Matias"]
[WhiteFideId "4161297"]
[BlackFideId "3406342"]
[WhiteElo "2297"]
[BlackElo "2406"]
[Result "1-0"]
[Round "05"]
[TimeControl "180+2"]
[Date "2023.02.07"]
[WhiteClock "0:00:04"]
[BlackClock "0:00:01"]

1. e4 c5 2. Nf3 d6 3. Bb5+ Nd7 4. O-O Nf6 5. Re1 a6 6. Bf1 b5 7. a4 b4 8. d4 cxd4 9. Qxd4 Bb7 10. Qxb4 Qc7 11. Nc3 Rb8 12. Qd4 e5 13. Qd2 Be7 14. Qg5 O-O 15. Qh4 Nc5 16. Bg5 Ne6 17. Bxf6 Bxf6 18. Qg4 g6 19. h4 h5 20. Qg3 Qe7 21. Rad1 Nf4 22. Bc4 Rfc8 23. b3 Kg7 24. Rd2 Rc6 25. Nd5 Nxd5 26. Bxd5 Rc3 27. Bc4 Rc8 28. Ree2 a5 29. Rd3 R3xc4 30. bxc4 Rxc4 31. Ng5 Rxa4 32. Red2 Rd4 33. c3 Rxd3 34. Rxd3 a4 35. c4 Bxg5 36. Qxg5 Qxg5 37. hxg5 Bxe4 38. Ra3 Bc6 39. Rd3 Be4 40. Rxd6 Kf8 41. Rd7 Ke8 42. Ra7 Bc2 43. c5 Bb3 44. c6 Kd8 45. f3 Kc8 46. c7 Bd5 47. Kf2 Bb7 48. Rxa4 Kxc7 49. Ke3 Kd6 50. Ra7 Bd5 51. Ra6+ Ke7 52. g3 Bc4 53. Rb6 Bd5 54. f4 exf4+ 55. Kxf4 Be6 56. Ke5 Kd7 57. Rb7+ 1-0


[Site "https://www.chess.com"]

[Event "Titled Tuesday Blitz February 07 Early 2023"]
[White "McBryde, Lamel"]
[Black "Hirneise, Jens"]
[WhiteFideId "2058596"]
[BlackFideId "24614734"]
[WhiteElo "1861"]
[BlackElo "2277"]
[Result "0-1"]
[Round "05"]
[TimeControl "180+2"]
[Date "2023.02.07"]
[WhiteClock "0:00:08"]
[BlackClock "0:01:15"]

1. Nf3 d5 2. b3 c5 3. Bb2 Nf6 4. e3 Nc6 5. d4 e6 6. a3 Qa5+ 7. Nbd2 cxd4 8. exd4 Bd6 9. Bd3 O-O 10. Qe2 Ne7 11. Ne5 Ng6 12. g3 Bxe5 13. dxe5 Nd7 14. b4 Qc7 15. f4 a5 16. Rc1 axb4 17. axb4 Qb6 18. c3 Nc5 19. Bb1 Na4 20. Ba1 Bd7 21. Bd3 Rfc8 22. Nf3 Qxb4 23. O-O Nxc3 24. Qd2 d4 25. Ng5 Bb5 26. Bxb5 Qxb5 27. Qg2 Ne2+ 0-1


[Site "https://www.chess.com"]

[Event "Titled Tuesday Blitz February 07 Early 2023"]
[White "Baghdasaryan, Vahe"]
[Black "Topalov, Aleksandar"]
[WhiteFideId "13303139"]
[BlackFideId "925659"]
[WhiteElo "2257"]
[BlackElo "2233"]
[Result "0-1"]
[Round "05"]
[TimeControl "180+2"]
[Date "2023.02.07"]
[WhiteClock "0:00:02"]
[BlackClock "0:00:04"]

1. e4 e6 2. d4 d5 3. Nc3 Bb4 4. Ne2 Nf6 5. Bg5 h6 6. Bxf6 Qxf6 7. a3 Bxc3+ 8. Nxc3 O-O 9. exd5 Rd8 10. dxe6 Bxe6 11. Bd3 Rxd4 12. O-O c6 13. Ne4 Qe5 14. Re1 Nd7 15. Ng3 Qd6 16. Qe2 Nc5 17. Nf5 Bxf5 18. Bxf5 g6 19. Bh3 Rd2 20. Qe3 Rd8 21. b4 Na4 22. Qxa7 Nc3 23. Qe3 Rxc2 24. Qxh6 Qf6 25. f3 Ne2+ 26. Kh1 Nf4 27. Rad1 Rf8 28. Re4 Nxh3 29. Qxh3 Ra2 30. f4 Qb2 31. Qf3 Rxa3 32. Qg4 Qc2 33. Ree1 Qf5 34. Qh4 Kg7 35. Re5 Qf6 36. Qxf6+ Kxf6 37. g3 Rb3 38. Rd6+ Kg7 39. b5 Rxb5 40. Rxb5 cxb5 41. Rb6 Rc8 42. Rxb7 Rc5 43. Kg2 Kf6 44. h4 Ke6 45. Kf3 f5 46. Rb6+ Kf7 47. Ke3 Rc3+ 48. Kd4 Rxg3 49. Rb7+ Kf6 50. Rb6+ Kg7 51. Rxb5 Rg4 52. Ke5 Rxh4 53. Rb7+ Kh6 54. Rb8 Rg4 55. Kf6 Kh7 56. Rb7+ Kh6 57. Rb8 Kh7 58. Rb7+ Kh6 59. Rb1 Rh4 60. Rb8 Kh5 61. Rh8+ Kg4 62. Rg8 Kxf4 63. Rxg6 Rg4 64. Rh6 Rg8 65. Rh1 Rf8+ 66. Ke6 Re8+ 67. Kf7 Re3 68. Kf6 Rf3 69. Rh4+ Ke3 70. Ra4 f4 71. Kf5 Rf2 72. Ra3+ Ke2 73. Ke4 f3 74. Ra2+ Kf1 75. Ra1+ Kg2 76. Kf4 Re2 77. Kg4 f2 0-1


[Site "https://www.chess.com"]

[Event "Titled Tuesday Blitz February 07 Early 2023"]
[White "Miszler, Levente"]
[Black "Sturt, Raven"]
[WhiteFideId "763276"]
[BlackFideId "2007304"]
[WhiteElo "2271"]
[BlackElo "2470"]
[Result "0-1"]
[Round "05"]
[TimeControl "180+2"]
[Date "2023.02.07"]
[WhiteClock "0:00:08"]
[BlackClock "0:00:42"]

1. d4 f5 2. g3 Nf6 3. Bg2 g6 4. c4 Bg7 5. Nc3 O-O 6. e4 fxe4 7. Nxe4 Nxe4 8. Bxe4 c6 9. Ne2 d5 10. cxd5 cxd5 11. Qb3 e6 12. Bg2 Nc6 13. Be3 Bd7 14. O-O Na5 15. Qd3 Qb6 16. b3 Rac8 17. Rac1 Nc6 18. Rfe1 Qa5 19. a4 Qb6 20. Bh3 Rf7 21. Red1 Re8 22. Nf4 Na5 23. b4 Nc4 24. Rxc4 dxc4 25. Qxc4 Qc6 26. Qxc6 bxc6 27. Nd3 e5 28. Bxd7 Rxd7 29. Nc5 Rd5 30. Nb3 exd4 31. Bf4 g5 32. Bd2 h6 33. Kf1 Rf8 34. Rc1 Rf3 35. Na5 Rdf5 36. Be1 d3 37. Rd1 Bd4 38. Rd2 Bc3 39. Rd1 d2 40. Nxc6 dxe1=Q+ 41. Rxe1 Rxf2+ 42. Kg1 Bxe1 43. Ne7+ Kf7 0-1


[Site "https://www.chess.com"]

[Event "Titled Tuesday Blitz February 07 Early 2023"]
[White "Lacasa Diaz, Jose Antonio"]
[Black "Ozates, Tuna"]
[WhiteFideId "2203375"]
[BlackFideId "6354521"]
[WhiteElo "2359"]
[BlackElo "2251"]
[Result "0-1"]
[Round "05"]
[TimeControl "180+2"]
[Date "2023.02.07"]
[WhiteClock "0:00:14"]
[BlackClock "0:00:56"]

1. e4 c5 2. Nf3 Nc6 3. Bb5 g6 4. Bxc6 bxc6 5. O-O Bg7 6. Re1 Nh6 7. c3 O-O 8. d4 cxd4 9. cxd4 d5 10. e5 f6 11. Bf4 g5 12. Bg3 g4 13. Nfd2 f5 14. f4 gxf3 15. Nxf3 f4 16. Bf2 Bg4 17. Nbd2 Rb8 18. b3 Qe8 19. h3 Bh5 20. Rc1 Qg6 21. Qc2 Nf5 22. Qxc6 e6 23. Qd7 Rf7 24. Rc8+ Rxc8 25. Qxc8+ Rf8 26. Qd7 Bh6 27. Rc1 Ne3 28. Nh4 Qf7 29. Qxf7+ Rxf7 30. Rc6 Re7 31. Nhf3 Rg7 32. Rc8+ Kf7 33. Rc7+ Kf8 34. Rxg7 Kxg7 35. Nf1 Nd1 36. Be1 Nb2 37. Bd2 Nd3 38. Kh2 Kg6 39. Kg1 Kf5 0-1


[Site "https://www.chess.com"]